 Dungeon Crawl Stone Soup version 0.18.1-5-g4a78601 (webtiles) character file.

18 oplop the Sneak (level 2, -5/15 HPs)
             Began as a Vine Stalker Assassin on May 10, 2016.
             Slain by Natasha (7 damage)
             ... on level 2 of the Dungeon.
             The game lasted 00:01:00 (634 turns).

oplop the Sneak (Vine Stalker Assassin)              Turns: 634, Time: 00:01:00

Health: -5/15      AC:  5    Str: 13    XL:     2   Next: 70%
Magic:  0/3        EV: 11    Int: 11    God:
Gold:   19         SH:  0    Dex: 15    Spells: 0 memorised, 1 level left

rFire  . . .     SeeInvis .     a - +2 dagger
rCold  . . .     Gourm    .     c - +0 robe
rNeg   . . .     Faith    .     (no shield)
rPois  .         Spirit   +     t - +2 hat
rElec  .         Dismiss  .     d - +0 cloak
rCorr  .         Reflect  .     (no gloves)
SustAt .         Harm     .     (no boots)
MR     .....                    (no amulet)
Stlth  +++.......               (no ring)
                                (no ring)

@: slowed, very slow, not resistant to hostile enchantments, fairly stealthy
A: fangs 2, regeneration 1, magic shield, antimagic bite, no device heal 3, rot
immunity
a: no special abilities


You were on level 2 of the Dungeon.
You were not hungry.

You visited 1 branch of the dungeon, and saw 2 of its levels.

You collected 19 gold pieces.

Inventory:

Hand Weapons
 a - a +2 dagger (weapon)
 b - a +0 blowgun
Missiles
 e - 8 poisoned needles
 f - 2 curare-tipped needles
Armour
 c - a +0 robe (worn)
 d - a +0 cloak (worn)
 t - a +2 hat (worn)
Scrolls
 h - a scroll of fear {unknown}
 i - a scroll of magic mapping {unknown}
 n - a scroll of immolation {unknown}
 o - a scroll of identify {unknown}
 p - a scroll of blinking {unknown}
Potions
 j - a potion of degeneration {unknown}
 l - a potion of beneficial mutation {unknown}
 q - a potion of haste {unknown}
 r - a potion of ambrosia {unknown}
 s - 2 potions of invisibility {unknown}
Comestibles
 g - a bread ration
 k - a beef jerky
 m - a meat ration


   Skills:
 + Level 2.1 Fighting
 + Level 2.2 Short Blades
 - Level 1.7 Throwing
 - Level 0.7 Dodging
 + Level 5.2 Stealth


You had one spell level left.
You didn't know any spells.

Dungeon Overview and Level Annotations

Branches:
Dungeon (1/15)

Altars:

Annotations:
D:2 Natasha


Innate Abilities, Weirdness & Mutations

You have extremely sharp teeth.
Your natural rate of healing is unusually fast.
When hurt, damage is shared between your health and your magic reserves.
Your bite disrupts and absorbs the magic of your enemies.
Potions and wands cannot restore your health.
You are immune to rotting.


Message History

Natasha claws you.
You hit Natasha. Your bite misses Natasha.
Natasha is lightly wounded.
Natasha falters for a moment.
You closely miss Natasha. You bite Natasha, but do no damage.
Natasha is lightly wounded.
Natasha barely misses you. Natasha claws you.
You hit Natasha but do no damage. Your bite misses Natasha.
Natasha is lightly wounded.
Natasha claws you!
Ouch! That really hurt!
* * * LOW HITPOINT WARNING * * *
You closely miss Natasha. Your bite misses Natasha.
Natasha is lightly wounded.
Natasha claws you.
* * * LOW HITPOINT WARNING * * *
You closely miss Natasha.
Natasha is lightly wounded.
Natasha claws you!
You die...

#................
#...........#####
#...........# #
#.....†....######
#................ #
#..........###### ###.###
#..........#
.......###......####
.......h@...>...#########
###.#..###...............
#.. #............... ....
#......######### #.#..
#...†........# # .#....
#............# # ......
###..........# # #.h#..
###..####### # #..
#####..#


You could see Natasha.

Vanquished Creatures
  A bat (D:1)
  A giant cockroach (D:1)
  4 goblins
  2 hobgoblins (D:1)
  3 kobolds (D:1)
  3 giant newts
  4 rats (D:1)
18 creatures vanquished.

Notes
Turn   | Place    | Note
--------------------------------------------------------------
     0 | D:1      | oplop the Vine Stalker Assassin began the quest for the Orb.
     0 | D:1      | Reached XP level 1. HP: 11/11 MP: 2/2
   202 | D:1      | Reached skill level 5 in Stealth
   288 | D:1      | Reached XP level 2. HP: 15/15 MP: 3/3
   504 | D:1      | You fall through a shaft!
   504 | D:2      | Noticed Natasha
   634 | D:2      | Slain by Natasha

Skill      XL: |  1 |
---------------+----+-----
Stealth        | 5 |  5.2
Fighting       | 2 |  2.1
Short Blades   | 2 |  2.2
Throwing       | |  1.7
Dodging        | |  0.7

Action                   || total
-------------------------++-------
Melee: Dagger            ||    45
       Bite              ||    10
 Stab: Sleeping          ||     6
Armor: Robe              ||     4
Dodge: Dodged            ||    18
